 Dungeon Crawl Stone Soup version 0.32-a0-931-g5a2cda0630 (webtiles) character file.

Game seed: 6900905858076617600

5858 Heh the Carver (level 10, -6/80 HPs)
             Began as a Coglin Gladiator on Apr 12, 2024.
             Was a Believer of Beogh.
             Mangled by a komodo dragon (30 damage)
             ... on level 1 of the Lair of Beasts on Apr 13, 2024.
             The game lasted 00:13:58 (7745 turns).

Heh the Carver (Coglin Gladiator)                   Turns: 7745, Time: 00:13:59

Health: -6/80      AC:  7    Str: 15    XL:     10   Next: 81%
Magic:  10/10      EV: 14    Int:  7    God:    Beogh [**....]
Gold:   412        SH:  0    Dex: 20    Spells: 9/9 levels left

rFire   . . .        a - +0 long sword {Ufusuoci}
rCold   . . .        (no shield)
rNeg    . . .        D - +0 ring mail
rPois   .            c - +0 helmet
rElec   .            t - +0 cloak
rCorr   .            (no gloves)
SInv    .            (no boots)
Will    .....        (amulet unavailable)
Stlth   +            (ring unavailable)
HPRegen 0.33/turn    (ring unavailable)
MPRegen 0.12/turn    (no gizmo)

%: no passive effects
@: revved
A: off-hand wielding, slow wielding, warmup strikes, no jewellery
a: Invent Gizmo, Renounce Religion, Smiting


You were on level 1 of the Lair of Beasts.
You worshipped Beogh.
Beogh was pleased with you.
You visited 2 branches of the dungeon, and saw 9 of its levels.

You collected 412 gold pieces.

Inventory:

Hand Weapons
 a - a +0 long sword (weapon) {Ufusuoci}
 f - a +0 dagger {Teghnoor}
 o - a +0 short sword {Zihan}
 r - a +0 falchion {Etsuko}
 u - the +4 hammer "Kuynnel" {drain, rPois rN+ Str+5}
   (You found it on level 2 of the Dungeon)

   Str+5:     It affects your strength (+5).
   rPois:     It protects you from poison.
   rN+:       It protects you from negative energy.
 z - a +2 dagger of draining
 M - a +1 short sword of venom {Eunwoo}
 O - a +5 short sword {Wu}
 P - a +0 long sword
Missiles
 d - a throwing net (quivered)
 e - a javelin
 j - 6 curare-tipped darts
 x - 3 boomerangs
Armour
 b - a +0 leather armour
 c - a +0 helmet (worn)
 s - a +0 scale mail
 t - a +0 cloak (worn)
 y - a +1 robe
 D - a +0 ring mail (worn)
 G - a +2 robe of positive energy
 K - a scarf of invisibility
Wands
 F - a wand of flame (29)
 N - a wand of charming (13)
Scrolls
 g - 6 scrolls of identify {unknown}
 i - 4 scrolls of vulnerability {unknown}
 k - 3 scrolls of fog {unknown}
 l - 3 scrolls of immolation {unknown}
 n - a scroll of enchant weapon {unknown}
 q - 2 scrolls of enchant armour {unknown}
 v - 2 scrolls of noise {unknown}
 A - a scroll of amnesia {unknown}
 L - a scroll of silence {unknown}
 Q - a scroll of teleportation {unknown}
Potions
 h - 5 potions of heal wounds {unknown}
 m - a potion of invisibility {unknown}
 p - 6 potions of mutation {unknown}
 w - a potion of haste {unknown}
 B - 2 potions of cancellation {unknown}
 C - a potion of ambrosia {unknown}
 E - 2 potions of curing {unknown}
 H - a potion of experience {unknown}
 I - 3 potions of might {unknown}
 J - a potion of brilliance {unknown}


   Skills:
 + Level 7.7 Fighting
 * Level 12.3 Long Blades
 - Level 1.7 Throwing
 + Level 7.3 Dodging


You had 9 spell levels left.
You didn't know any spells.
Your spell library contained the following spells:

 Spells                   Type           Power      Damage    Failure   Level
 Inner Flame              Hex/Fire       0%         N/A       95%         3
 Teleport Other           Tloc           0%         N/A       95%         3
 Animate Dead             Necr           0%         N/A       100%        4
 Flame Wave               Conj/Fire      0%         2d4       100%        4
 Sticky Flame             Fire/Alch      0%         2d4       100%        4
 Dispersal                Tloc           0%         N/A       100%        6
 Gell's Gavotte           Tloc           0%         2d(11-16) 100%        6
 Haunt                    Necr/Summ      0%         N/A       100%        7
 Infestation              Necr           0%         N/A       100%        8


Dungeon Overview and Level Annotations

Branches:
Dungeon (8/15)             Temple (0/1) D:6            Lair (1/5) D:8

Altars:
Cheibriados
Dithmenos
Nemelex Xobeh
Okawaru
Ru
Sif Muna
Uskayaw
Vehumet


Innate Abilities, Weirdness & Mutations

Your facial features look somewhat orcish.
You can wield a second weapon in your off-hand.
It takes a long time for you to wield or remove held weapons.
Your first few attacks do less damage.
You cannot equip rings or amulets.


Message History

Your damage rating with your +0 long sword {Ufusuoci} is about 17 (Base 10 x 125% (Dex) x 139% (Skill)).
Your damage rating with your +1 short sword of venom {Eunwoo} is about 9 (Base 5 x 125% (Dex) x 128% (Skill) + 1 (Ench)).
You're wielding all the weapons you can.
Replace which one? (? for menu, Esc to cancel) < or
a - a +0 long sword {Ufusuoci}; > or
M - a +1 short sword of venom {Eunwoo} You start parting from your weapon.
You continue parting from your +1 short sword of venom {Eunwoo}. x3
The komodo dragon misses you.
You continue parting from your +1 short sword of venom {Eunwoo}.
The komodo dragon bites you!
You whisper farewell to Eunwoo.
You finish parting from your +1 short sword of venom {Eunwoo}.
Your +1 short sword of venom {Eunwoo} stops dripping with poison.
You slash the komodo dragon!
The komodo dragon is lightly wounded.
The komodo dragon bites you.
You barely miss the komodo dragon.
The komodo dragon is lightly wounded.
The komodo dragon barely misses you.
You closely miss the komodo dragon.
The komodo dragon is lightly wounded.
The komodo dragon closely misses you.
You hit the komodo dragon.
The komodo dragon is lightly wounded.
The komodo dragon bites you!
You hit the komodo dragon but do no damage.
The komodo dragon is lightly wounded.
You slash the komodo dragon!
The komodo dragon is heavily wounded.
The komodo dragon bites you but does no damage.
You slash the komodo dragon!
The komodo dragon is heavily wounded.
The komodo dragon bites you!!
* * * LOW HITPOINT WARNING * * *
You are too injured to fight recklessly!
You are too injured to fight recklessly!
You slash the komodo dragon!
The komodo dragon is almost dead.
The komodo dragon bites you!!
You die...

#..# #.. ##.# #..
....#### ##.# #.#
#......: ## ##.###.#
#.... ...P# .....#.#
#.... . ..#
.......#####.# .#....#
.#...#.......###.#...#
##....##........l..#.##
.####.#......###@#)...#
## #.##.##..##.........
# #.#...##......#...##
# #.##.# #.##..## .##
#.##.. #.##..# # #. ...
#.##..# ### ..##..#
..#.... ..##...##


You could see a komodo dragon.

Vanquished Creatures
  Pikel (D:4)
  An orange demon (Lair:1)
  2 black mambas (Lair:1)
  A cane toad (Lair:1)
  A komodo dragon (Lair:1)
  Sigmund (D:6)
  6 yaks (D:6)
  A warg (D:8)
  3 water moccasins
  An ice beast (D:6)
  A black bear (D:6)
  5 wolves
  A centaur (D:6)
  A kobold brigand (D:7)
  6 bullfrogs
  4 scorpions
  A howler monkey (D:7)
  6 hounds
  A bombardier beetle (D:5)
  Crazy Yiuf (D:2)
  8 orc priests
  An iguana (D:3)
  Natasha (thrice) (D:3)
  6 orc wizards
  7 gnolls (D:4)
  12 adders
  A white imp (D:5)
  6 ufetubi
  5 dart slugs
  5 ribbon worms
  25 orcs
  12 ball pythons
  11 bats
  9 endoplasms
  7 giant cockroaches
  5 goblins
  5 hobgoblins
  8 jackals
  12 kobolds
  3 quokkas (D:1)
  5 frilled lizards
  2 rats (D:1)
203 creatures vanquished.

Vanquished Creatures (others)
  An orc (D:7)
1 creature vanquished.

Grand Total: 204 creatures vanquished

Notes
Turn   | Place    | Note
-------+----------+-------------------------------------------
     0 | D:1      | Heh the Coglin Gladiator began the quest for the Orb.
     0 | D:1      | Reached XP level 1. HP: 16/16 MP: 1/1
    64 | D:1      | Reached XP level 2. HP: 13/22 MP: 2/2
   224 | D:1      | Reached skill level 4 in Long Blades
   243 | D:1      | Reached XP level 3. HP: 27/27 MP: 3/3
  1132 | D:2      | Reached XP level 4. HP: 28/33 MP: 4/4
  1231 | D:2      | Reached skill level 5 in Long Blades
  1586 | D:2      | Found a runed translucent door.
  1587 | D:2      | Noticed Crazy Yiuf
  1645 | D:2      | Killed Crazy Yiuf
  1646 | D:2      | Reached XP level 5. HP: 38/38 MP: 5/5
  1650 | D:2      | Identified the +4 hammer "Kuynnel" {drain, rPois rN+ Str+5}
  1774 | D:3      | Reached skill level 6 in Long Blades
  1869 | D:3      | Found a radiant altar of Vehumet.
  1922 | D:3      | Reached XP level 6. HP: 38/44 MP: 6/6
  1975 | D:3      | Found a snail-covered altar of Cheibriados.
  1975 | D:3      | Noticed Natasha
  1976 | D:3      | Found a sparkling altar of Nemelex Xobeh.
  1980 | D:3      | Killed Natasha
  1989 | D:3      | Noticed Natasha
  1991 | D:3      | Killed Natasha
  2276 | D:3      | Noticed Natasha
  2280 | D:3      | Killed Natasha
  2386 | D:4      | Noticed Pikel
  2398 | D:4      | Killed Pikel
  2399 | D:4      | Reached skill level 7 in Long Blades
  2399 | D:4      | Reached XP level 7. HP: 25/53 MP: 7/7
  2537 | D:4      | Reached XP level 8. HP: 52/60 MP: 8/8
  2581 | D:4      | Reached skill level 8 in Long Blades
  2703 | D:4      | Became a worshipper of Beogh the Shepherd
  2849 | D:4      | Noticed a +0 hand axe
  2849 | D:4      | Noticed a +0 hand axe
  2851 | D:4      | Found a hide-covered altar of Uskayaw.
  3287 | D:5      | Entered Level 5 of the Dungeon
  3942 | D:5      | Reached * piety under Beogh
  4056 | D:6      | Reached skill level 9 in Long Blades
  4086 | D:6      | Noticed Sigmund
  4095 | D:6      | Reached skill level 5 in Dodging
  4103 | D:6      | Killed Sigmund
  4104 | D:6      | Reached skill level 5 in Fighting
  4104 | D:6      | Reached XP level 9. HP: 36/68 MP: 9/9
  4210 | D:6      | Found a staircase to the Ecumenical Temple.
  4250 | D:6      | Reached skill level 10 in Long Blades
  4303 | D:6      | Found a sacrificial altar of Ru.
  4324 | D:6      | Reached ** piety under Beogh
  4589 | D:6      | Found an iron altar of Okawaru.
  4759 | D:6      | Found a shadowy altar of Dithmenos.
  5255 | D:7      | Reached skill level 11 in Long Blades
  5255 | D:7      | Reached XP level 10. HP: 30/77 MP: 10/10
  5932 | D:8      | Found a staircase to the Lair.
  6220 | D:8      | Found a shimmering blue altar of Sif Muna.
  6636 | D:8      | Upgraded the game from 0.32-a0-928-g1cae6b7ea0 to
                  | 0.32-a0-931-g5a2cda0630
  6881 | Lair:1   | Entered Level 1 of the Lair of Beasts
  6911 | Lair:1   | Noticed a black mamba
  6921 | Lair:1   | Killed a black mamba
  7263 | Lair:1   | Noticed a cane toad
  7280 | Lair:1   | Killed a cane toad
  7483 | Lair:1   | Noticed a black mamba
  7494 | Lair:1   | Killed a black mamba
  7502 | Lair:1   | Reached skill level 12 in Long Blades
  7665 | Lair:1   | Noticed an orange demon
  7674 | Lair:1   | Killed an orange demon
  7745 | Lair:1   | Mangled by a komodo dragon

Illustrated notes

Levels and vault maps discovered:
D:1:      lightli_arrival_farm, layout_basic
D:2:      layout_basic, uniq_crazy_yiuf_cottage
D:3:      layout_rooms, old_standard_altar,
          chequers_temple_overflow_statue_of_worship, kennysheep_donut,
          minmay_circle_x, uniq_natasha
D:4:      layout_basic, dancing_weapons_uskayaw, uniq_pikel
D:5:      layout_cave_pools, chequers_serial_rivers_room_b, grunt_ministairs_8
D:6:      layout_basic, mainiacjoe_overflow_small_starburst,
          nicolae_ru_awakened_eye, grunt_dithmenos_smoke_and_mirrors,
          minmay_temple_entry_drinking_statues, uniq_sigmund
D:7:      layout_basic
D:8:      layout_loops_ring, tgw_sif, erik_lair_orcish_takeover
Lair:1:   layout_loops_ring, lemuel_centaur_altar, uniq_amaemon

Skill      XL: |  1  2  3  4  5  6  7  8  9 10 |
---------------+-------------------------------+-----
Long Blades    | 4 5 6 7 9 11 12 | 12.3
Dodging        | 3 4 5 6 7 |  7.3
Fighting       | 3 5 6 7 |  7.7
Throwing       | |  1.7

Action                     |  1- 3 |  4- 6 |  7- 9 | 10-12 || total
---------------------------+-------+-------+-------+-------++-------
  Melee: Long sword        |    69 |    95 |   166 |   105 ||   435
         Dagger            |    52 |       |       |       ||    52
         Short sword       |    17 |    20 |       |    69 ||   106
         Falchion          |       |    14 |       |     1 ||    15
         Mace              |       |    64 |   175 |    21 ||   260
  Throw: Throwing net      |       |     1 |       |     3 ||     4
         Javelin           |       |       |     1 |       ||     1
         Boomerang         |       |       |     1 |       ||     1
         Dart              |       |       |       |     2 ||     2
 Invoke: Convert to Beogh  |       |       |     1 |       ||     1
   Stab: Sleeping          |     3 |       |     1 |       ||     4
         Held in net/web   |       |       |       |     1 ||     1
 Armour: Leather armour    |    55 |    19 |       |       ||    74
         Scale mail        |       |    63 |     5 |       ||    68
         Robe              |       |       |    64 |       ||    64
         Ring mail         |       |       |    74 |    57 ||   131
  Dodge: Dodged            |    48 |    83 |   182 |    74 ||   387

Table legend: (Time is in decaauts)
 A = Elapsed time spent in this place.
 B = Non-inter-level travel time spent in this place.
 C = Inter-level travel time spent in this place.
 D = Time resting spent in this place.
 E = Time spent auto-exploring this place.
 F = Levels seen in this place.
 G = Mean time per level.
                   A        B        C        D        E       F      G
               +--------+--------+--------+--------+--------+-----+--------+
         Total |   7795 |   7619 |    176 |    444 |   5847 |   9 |  866.1 |
       Dungeon |   6949 |   6774 |    175 |    169 |   5389 |   8 |  868.6 |
          Lair |    846 |    846 |      0 |    275 |    458 |   1 |  846.0 |
               +--------+--------+--------+--------+--------+-----+--------+

Top non-repeatable levels by time:
     D:7: 1120 daAuts
     D:1: 1010 daAuts
     D:4: 915 daAuts
     D:8: 913 daAuts
  Lair:1: 846 daAuts
     D:6: 808 daAuts
     D:5: 775 daAuts
     D:2: 711 daAuts
     D:3: 694 daAuts
